 Dungeon Crawl Stone Soup version 0.31-a0-1001-g770356a28f (webtiles) character file.

Game seed: 10983409666150729991

292 Maratek the Poker (level 6, -2/48 HPs)
             Began as a Demonspawn Fighter on Nov 8, 2023.
             Was an Initiate of Okawaru.
             Killed by divine providence
             ... invoked by an orc priest
              (13 damage)
             ... on level 6 of the Dungeon.
             The game lasted 00:04:56 (3469 turns).

Maratek the Poker (Demonspawn Fighter)              Turns: 3469, Time: 00:04:58

Health: -2/48      AC: 12    Str: 18    XL:     6   Next: 10%
Magic:  6/6        EV:  5    Int: 10    God:    Okawaru [......]
Gold:   251        SH:  0    Dex: 14    Spells: 5/5 levels left

rFire   . . .        a - +0 trident
rCold   . . .        (no shield)
rNeg    + . .        g - +0 plate armour
rPois   .            (no helmet)
rElec   .            (no cloak)
rCorr   .            h - +0 pair of gloves
SInv    .            (no boots)
Will    .....        m - amulet of magic regeneration Stlth
                     s - ring of positive energy
HPRegen 0.28/turn    (no ring)
MPRegen 0.50/turn

%: no passive effects
@: no status effects
A: thin skeletal structure 1, foul stench 1, powered by death 1, demonic touch 1
a: Renounce Religion


You were on level 6 of the Dungeon.
You worshipped Okawaru.
Okawaru was noncommittal.
You visited 1 branch of the dungeon, and saw 6 of its levels.

You collected 251 gold pieces.

Inventory:

Hand Weapons
 a - a +0 trident (weapon)
Armour
 g - a +0 plate armour (worn)
 h - a +0 pair of gloves (worn)
Jewellery
 m - an amulet of magic regeneration (around neck)
 s - a ring of positive energy (left hand)
Wands
 p - a wand of roots (8)
Scrolls
 f - 2 scrolls of fog
 j - 2 scrolls of teleportation
 k - 2 scrolls of amnesia
 n - a scroll of blinking
Potions
 b - 2 potions of heal wounds {unknown}
 d - a potion of might
 e - a potion of attraction
 i - a potion of cancellation {unknown}
 l - 2 potions of brilliance {unknown}
 o - a potion of ambrosia {unknown}
 q - 3 potions of curing {unknown}
 t - a potion of lignification {unknown}


   Skills:
 + Level 3.8 Fighting
 + Level 4.3 Polearms
 + Level 3.6 Armour
 + Level 0.4 Dodging
 + Level 0.3 Stealth
 + Level 3.2 Shields


You had 5 spell levels left.
You didn't know any spells.
Your spell library contained the following spells:

 Spells                   Type           Power      Damage    Failure   Level
 Slow                     Hex            0%         N/A       100%        1
 Sublimation of Blood     Necr           0%         N/A       100%        2
 Wereblood                Tmut           0%         N/A       100%        2
 Confusing Touch          Hex            0%         N/A       100%        3
 Ignite Poison            Fire/Tmut/Pois 0%         N/A       100%        3
 Sigil of Binding         Hex            0%         N/A       100%        3
 Vampiric Draining        Necr           0%         2d6       100%        3
 Sticky Flame             Conj/Fire      0%         2d3       100%        4
 Ignition                 Fire           0%         3d3       100%        8
 Summon Hydra             Summ           Unusable   N/A       N/A         7

Dungeon Overview and Level Annotations

Branches:
Dungeon (6/15)             Temple (0/1) D:5

Altars:
Cheibriados
Makhleb
Okawaru
Xom


Innate Abilities, Weirdness & Mutations

You have a somewhat thin skeletal structure. (Dex +2, Stealth+)
You may rarely emit foul miasma when damaged in melee.
You regenerate a little health from kills.
Your touch may inflict minor irresistible damage on your foes.


Message History

The jelly is lightly wounded.
The hound bites you but does no damage. The jelly hits you.
You are splashed with acid!
The orc hits you but does no damage. The orc barely misses you.
The hound bites you.
Unknown command.
You are too injured to fight recklessly!
Unknown command.
You are too injured to fight recklessly!
The orc priest looks braver for a moment.
The hound bites you.
* * * LOW HITPOINT WARNING * * *
The hound attacks as it pursues you! The hound barely misses you.
The hound attacks as it pursues you! The hound bites you.
* * * LOW HITPOINT WARNING * * *
You emit a cloud of foul miasma!
The hound is engulfed in dark miasma.
The hound is poisoned.
The hound bites you but does no damage.
The hound is engulfed in dark miasma.
The hound looks even sicker.
There is a stone staircase leading down here.
You can't go up here!
The hound bites you but does no damage. x2
You climb downwards.
The centaur shouts!
There is a stone staircase leading up here.
You are too injured to fight recklessly!
You are too injured to fight recklessly!
You completely miss the hound.
The hound is heavily wounded.
The hound bites you but does no damage.
You miss the hound. Your touch misses the hound.
The hound is heavily wounded.
The hound bites you but does no damage.
The orc priest hits you but does no damage.
The hound barely misses you.
You puncture the hound!
You kill the hound!
Okawaru accepts your kill.
The orc priest casts a cantrip, but nothing happens.
The orc priest mumbles some strange prayers to Beogh against you.
Beogh smites you!
You die...

##+#
##...#
##.....##
#......@#
......oc.#
.........+
.........#
#.......##
##.....##
##...#
##+#


You could see a centaur and an orc priest.

Vanquished Creatures
  A howler monkey (D:4)
  2 hounds
  3 iguanas (D:5)
  5 adders
  2 worms
  4 dart slugs
  8 orcs (D:4)
  4 bats
  2 endoplasms
  4 giant cockroaches
  5 goblins
  6 hobgoblins
  4 jackals (D:1)
  3 quokkas
  12 ball pythons
  14 kobolds
  3 rats
82 creatures vanquished.

Notes
Turn   | Place    | Note
-------+----------+-------------------------------------------
     0 | D:1      | Maratek the Demonspawn Fighter began the quest for the Orb.
     0 | D:1      | Reached XP level 1. HP: 18/18 MP: 1/1
   109 | D:1      | Gained mutation: You may rarely emit foul miasma when
                  | damaged in melee. [demonic ancestry]
   109 | D:1      | Reached XP level 2. HP: 8/24 MP: 2/2
   555 | D:1      | Reached skill level 2 in Polearms
   621 | D:1      | Gained mutation: You have a somewhat thin skeletal
                  | structure. (Dex +2, Stealth+) [demonic ancestry]
   621 | D:1      | Reached XP level 3. HP: 29/29 MP: 3/3
  1480 | D:2      | Gained mutation: You regenerate a little health from kills.
                  | [demonic ancestry]
  1480 | D:2      | Reached XP level 4. HP: 22/35 MP: 4/4
  2202 | D:3      | Reached skill level 3 in Polearms
  2296 | D:3      | Found a burning altar of Makhleb.
  2355 | D:3      | Found an iron altar of Okawaru.
  2490 | D:4      | Reached XP level 5. HP: 41/41 MP: 5/5
  2513 | D:3      | Became a worshipper of Warmaster Okawaru
  3124 | D:4      | Found a snail-covered altar of Cheibriados.
  3174 | D:5      | Entered Level 5 of the Dungeon
  3295 | D:5      | Found a staircase to the Ecumenical Temple.
  3322 | D:5      | Reached skill level 4 in Polearms
  3412 | D:5      | Found a shimmering altar of Xom.
  3441 | D:5      | Gained mutation: Your touch may inflict minor irresistible
                  | damage on your foes. [demonic ancestry]
  3441 | D:5      | Reached XP level 6. HP: 48/48 MP: 6/6
  3469 | D:6      | Killed from afar by an orc priest

Illustrated notes

Levels and vault maps discovered:
D:1:      dpeg_arrival_simpleton_c, layout_basic, serial_rivers,
          chequers_serial_rivers_marsh, chequers_serial_rivers_micro_e,
          chequers_serial_rivers_micro_a, chequers_serial_rivers_micro_e,
          chequers_serial_rivers_room_a, chequers_serial_rivers_small_a
D:2:      layout_basic, chequers_serial_rivers_marsh, dk_noncrumbling_3
D:3:      minmay_spotlight, layout_rooms, okawaru_trees_1,
          lightli_temple_of_fire
D:4:      layout_loops_ring, marbit_many_paths
D:5:      layout_basic, kennysheep_mini, mainiacjoe_overflow_catwalk,
          temple_pool_b, gammafunk_ghost_smash
D:6:      layout_loops_corners, mainiacjoe_overflow_big_doors,
          uniq_crazy_yiuf_cottage

Skill      XL: |  1  2  3  4  5 |
---------------+----------------+-----
Armour         | 3 |  3.6
Polearms       | 2 3 4 |  4.3
Shields        | 3 |  3.2
Fighting       | |  3.8
Dodging        | |  0.4
Stealth        | |  0.3

Action                     |  1- 3 |  4- 6 || total
---------------------------+-------+-------++-------
  Melee: Trident           |   135 |   138 ||   273
    Use: Scroll            |     3 |     7 ||    10
 Armour: Scale mail        |    89 |       ||    89
         Plate armour      |    15 |   113 ||   128
  Dodge: Dodged            |    53 |    33 ||    86
  Block: Buckler           |    31 |    32 ||    63

Table legend: (Time is in decaauts)
 A = Elapsed time spent in this place.
 B = Non-inter-level travel time spent in this place.
 C = Inter-level travel time spent in this place.
 D = Time resting spent in this place.
 E = Time spent auto-exploring this place.
 F = Levels seen in this place.
 G = Mean time per level.
                   A        B        C        D        E       F      G
               +--------+--------+--------+--------+--------+-----+--------+
         Total |   3529 |   3338 |    191 |      0 |   2708 |   6 |  588.2 |
       Dungeon |   3529 |   3338 |    191 |      0 |   2708 |   6 |  588.2 |
               +--------+--------+--------+--------+--------+-----+--------+

Top non-repeatable levels by time:
     D:2: 995 daAuts
     D:1: 933 daAuts
     D:4: 652 daAuts
     D:3: 648 daAuts
     D:5: 297 daAuts
     D:6: 3 daAuts
